[Event "4NCL Div 2 2024-25"]
[Site "England"]
[Date "2024.11.24"]
[Round "2.1"]
[White "Bowcott-Terry, Finlay"]
[Black "Hobson, Kenneth"]
[Result "1-0"]
[Annotator "RC"]
[ECO "C55"]
[WhiteElo "2168"]
[BlackElo "2152"]
[PlyCount "81"]
[EventDate "2024.11.23"]
[EventType "team-tourn"]
[EventCountry "ENG"]
[SourceTitle "playchess.com"]
[Source "ChessBase"]
[SourceQuality "1"]
[TimeControl "40/6000+30:3000+30"]

1. e4 e5 2. Nf3 Nc6 3. Bc4 Nf6 4. O-O Nxe4 5. Nc3 Nxc3 6. dxc3 f6 7. b4 d6 8. a4 Qe7 9. a5 Be6 10. Bd5 Bxd5 11. Qxd5 a6 12. b5 Nd8 13. Nd2 Qf7 14. Qd3 Ne6 15. Qf3 Nd8 16. Qe2 Be7 17. f4 Qd5 18. Rb1 O-O 19. c4 Qe6 20. b6 c5 21. f5 Qf7 22. Rb3 Nc6 23. Rg3 Rfd8 24. Ne4 Kh8 25. Nc3 Rac8 26. Nd5 Nxa5 27. Qg4 Bf8 28. Rh3 h6 29. Rh4 Kh7 30. Rf3 e4 31. Rg3 Kh8 32. Nf4 Nxc4 33. Ng6+ Kg8 34. Bxh6 gxh6 35. Qe2 Bg7 36. Nf4 d5 37. Ne6 Ne5 38. Rxh6 Rd6 39. Qh5 Ng6 40. Rgxg6 Rxe6 41. Rh8# 1-0

[Event "4NCL Div 2 2024-25"]
[Site "England"]
[Date "2024.11.24"]
[Round "2.2"]
[White "Khoury, Theo"]
[Black "Shearsby, Jude"]
[Result "0-1"]
[Annotator "RC"]
[ECO "B76"]
[WhiteElo "2194"]
[BlackElo "2192"]
[PlyCount "70"]
[EventDate "2024.11.23"]
[EventType "team-tourn"]
[EventCountry "ENG"]
[SourceTitle "playchess.com"]
[Source "ChessBase"]
[SourceQuality "1"]
[TimeControl "40/6000+30:3000+30"]

1. e4 c5 2. Nf3 d6 3. d4 cxd4 4. Nxd4 Nf6 5. Nc3 g6 6. Be3 Bg7 7. f3 O-O 8. Qd2 Nc6 9. O-O-O d5 10. exd5 Nxd5 11. Nxc6 bxc6 12. Bd4 e5 13. Bc5 Be6 14. Ne4 Re8 15. h4 h5 16. Bc4 Nf4 17. Bxe6 Nxe6 18. Qxd8 Rexd8 19. Be7 Bh6+ 20. Kb1 Rxd1+ 21. Rxd1 f5 22. Ng5 Re8 23. Bf6 Bxg5 24. hxg5 Nf4 25. g3 Nd5 26. c4 Nxf6 27. gxf6 Kf7 28. Rd7+ Kxf6 29. Rxa7 f4 30. gxf4 exf4 31. b4 g5 32. Rh7 g4 33. Rxh5 gxf3 34. Rh2 Re2 35. Rh3 f2 0-1

[Event "4NCL Div 2 2024-25"]
[Site "England"]
[Date "2024.11.24"]
[Round "2.3"]
[White "Stepanyan, Henrik"]
[Black "Manley, Jon P"]
[Result "1/2-1/2"]
[Annotator "RC"]
[ECO "D27"]
[WhiteElo "2205"]
[BlackElo "2072"]
[PlyCount "71"]
[EventDate "2024.11.23"]
[EventType "team-tourn"]
[EventCountry "ENG"]
[SourceTitle "playchess.com"]
[Source "ChessBase"]
[SourceQuality "1"]
[TimeControl "40/6000+30:3000+30"]

1. d4 d5 2. c4 dxc4 3. Nf3 Nf6 4. e3 a6 5. a4 e6 6. Bxc4 c5 7. O-O Nc6 8. Qe2 Qc7 9. Rd1 Bd6 10. dxc5 Bxc5 11. b3 O-O 12. Bb2 Be7 13. Nbd2 Bd7 14. Rac1 Rad8 15. Bd3 Qb8 16. Nc4 Nb4 17. Be5 Qa7 18. Bb1 Bc6 19. Nd4 Bd5 20. a5 Nc6 21. Bc7 Nxd4 22. Rxd4 Bxc4 23. Rdxc4 Rc8 24. Qc2 Qa8 25. Be5 Rxc4 26. bxc4 g6 27. Qb2 Nd7 28. Bd4 Nc5 29. h4 Qd8 30. h5 Qxa5 31. h6 f6 32. Bxc5 Qxc5 33. Qxb7 a5 34. Rd1 Kf7 35. Qa6 Rc8 36. Bd3 1/2-1/2

[Event "4NCL Div 2 2024-25"]
[Site "England"]
[Date "2024.11.24"]
[Round "2.4"]
[White "Pozimski, Szymon"]
[Black "Pitcher, John"]
[Result "0-1"]
[Annotator "RC"]
[ECO "A30"]
[WhiteElo "2003"]
[BlackElo "2147"]
[PlyCount "112"]
[EventDate "2024.11.23"]
[EventType "team-tourn"]
[EventCountry "ENG"]
[SourceTitle "playchess.com"]
[Source "ChessBase"]
[SourceQuality "1"]
[TimeControl "40/6000+30:3000+30"]

1. c4 c5 2. Nf3 Nf6 3. g3 b6 4. Bg2 Bb7 5. O-O e6 6. b3 Be7 7. Bb2 O-O 8. Nc3 d6 9. d4 Nbd7 10. Rc1 a6 11. Rc2 Qc7 12. Re1 Ne4 13. Qa1 Bf6 14. Nxe4 Bxe4 15. Rd2 b5 16. dxc5 Bxb2 17. Qxb2 Nxc5 18. Qd4 Rad8 19. b4 Bxf3 20. Bxf3 Na4 21. cxb5 axb5 22. Qd3 Qb8 23. Bc6 Nb6 24. Qxb5 d5 25. Qc5 Nc4 26. Rc2 Rc8 27. b5 h5 28. a4 h4 29. Qd4 h3 30. Qg4 Qa7 31. Qxh3 Qxa4 32. Rec1 Na3 33. Ra2 Qb4 34. Rca1 Nc4 35. Qg4 Qc3 36. Qf4 Ne5 37. Qc1 Qd4 38. Ra4 Qb6 39. Ra6 Qd4 40. R6a4 Qb6 41. Ra6 Qd4 42. R1a4 Nc4 43. Qa1 Qe4 44. Qa2 Rfd8 45. Ra8 Qd4 46. Rxc8 Rxc8 47. Rb4 Qd1+ 48. Kg2 Nd2 49. Kh3 Qf1+ 50. Kh4 Qxe2 51. Qa7 Nf3+ 52. Kh3 Qf1+ 53. Kg4 Ne5+ 54. Kh4 Qg2 55. h3 Qf3 56. Qe3 Ng6+ 0-1

[Event "4NCL Div 2 2024-25"]
[Site "England"]
[Date "2024.11.24"]
[Round "2.5"]
[White "Dicen, Elis Denele"]
[Black "Hariharan, Shambavi"]
[Result "1-0"]
[Annotator "RC"]
[ECO "E30"]
[WhiteElo "2100"]
[BlackElo "1940"]
[PlyCount "57"]
[EventDate "2024.11.23"]
[EventType "team-tourn"]
[EventCountry "ENG"]
[SourceTitle "playchess.com"]
[Source "ChessBase"]
[SourceQuality "1"]
[TimeControl "40/6000+30:3000+30"]

1. d4 Nf6 2. c4 e6 3. Nc3 d5 4. cxd5 exd5 5. Bg5 Bb4 6. e3 h6 7. Bh4 c5 8. dxc5 Nc6 9. Nf3 g5 10. Bg3 Ne4 11. Rc1 Qa5 12. Qb3 Nxc5 13. Qc2 Qxa2 14. Bb5 a6 15. Bxc6+ bxc6 16. Be5 Rg8 17. O-O Qa5 18. e4 Bxc3 19. Bxc3 Qa4 20. b3 Qxb3 21. Qe2 Qc4 22. Qe3 Be6 23. Nd2 Qb5 24. Rb1 d4 25. Bxd4 Nb3 26. Nxb3 Rd8 27. Bf6 Rc8 28. Qa7 Bd7 29. Nc5 1-0

[Event "4NCL Div 2 2024-25"]
[Site "England"]
[Date "2024.11.24"]
[Round "2.6"]
[White "Udovenko, Daniel"]
[Black "Lam, Paul G M"]
[Result "1/2-1/2"]
[Annotator "RC"]
[ECO "A40"]
[WhiteElo "1941"]
[BlackElo "2115"]
[PlyCount "61"]
[EventDate "2024.11.23"]
[EventType "team-tourn"]
[EventCountry "ENG"]
[SourceTitle "playchess.com"]
[Source "ChessBase"]
[SourceQuality "1"]
[TimeControl "40/6000+30:3000+30"]

1. d4 Nc6 2. d5 Ne5 3. f4 Ng6 4. e4 e6 5. dxe6 dxe6 6. Qxd8+ Kxd8 7. Nc3 a6 8. Bd2 Bd7 9. a3 Bc5 10. O-O-O Nf6 11. Nh3 Ke7 12. g3 Ng4 13. Bg2 Ne3 14. Bxe3 Bxe3+ 15. Kb1 Rhd8 16. e5 Rab8 17. Rd3 Ba7 18. Rhd1 Ke8 19. Ng5 Nf8 20. Be4 h6 21. Nf3 Bc5 22. g4 Be7 23. Re1 c5 24. f5 b5 25. h4 b4 26. Na2 c4 27. Rd4 bxa3 28. Rxc4 Rxb2+ 29. Ka1 Bb5 30. Rc3 Nd7 31. fxe6 1/2-1/2

[Event "4NCL Div 2 2024-25"]
[Site "England"]
[Date "2024.11.24"]
[Round "2.7"]
[White "Fallowfield, Jeremy R"]
[Black "Day, Thomas W"]
[Result "1-0"]
[Annotator "NA RC"]
[ECO "D35"]
[WhiteElo "2072"]
[BlackElo "1976"]
[PlyCount "49"]
[EventDate "2024.11.23"]
[EventType "team-tourn"]
[EventCountry "ENG"]
[SourceTitle "playchess.com"]
[Source "ChessBase"]
[SourceQuality "1"]
[TimeControl "40/6000+30:3000+30"]

1. d4 d5 2. c4 e6 3. Nc3 Nf6 4. cxd5 exd5 5. Bg5 Be7 6. e3 O-O 7. Bd3 Re8 8. Nge2 h6 9. Bh4 Nc6 10. O-O Nb4 11. Bb1 Ne4 12. Bxe7 Rxe7 13. a3 Nxc3 14. bxc3 Na6 15. Bd3 Re6 16. Nf4 Rd6 17. f3 Qh4 18. Qd2 Be6 19. e4 dxe4 20. fxe4 Rad8 21. e5 Rb6 22. Nxe6 Rxe6 23. Rf4 Qg5 24. Qf2 Re7 25. h4 1-0

[Event "4NCL Div 2 2024-25"]
[Site "England"]
[Date "2024.11.24"]
[Round "2.8"]
[White "Murawski, Jan"]
[Black "Fellowes, Billy"]
[Result "0-1"]
[Annotator "NA RC"]
[ECO "E87"]
[WhiteElo "2065"]
[BlackElo "2055"]
[PlyCount "140"]
[EventDate "2024.11.23"]
[EventType "team-tourn"]
[EventCountry "ENG"]
[SourceTitle "playchess.com"]
[Source "ChessBase"]
[SourceQuality "1"]
[TimeControl "40/6000+30:3000+30"]

1. d4 Nf6 2. c4 g6 3. Nc3 Bg7 4. e4 d6 5. f3 O-O 6. Be3 e5 7. d5 Nh5 8. Qd2 Nd7 9. Nh3 a5 10. g4 Nf4 11. Nxf4 exf4 12. Bxf4 Ne5 13. Be2 a4 14. a3 b6 15. Bg5 Bf6 16. h4 Ba6 17. Nb5 Bxb5 18. cxb5 Nd7 19. Kf2 Nc5 20. Rad1 Be7 21. Kg2 f6 22. Be3 Qe8 23. Bd3 Ra5 24. Bc4 Nd7 25. Rc1 Ra7 26. Bd3 Nc5 27. Bc2 Qxb5 28. Bxc5 bxc5 29. Bd3 Qd7 30. Qf4 Rb7 31. Rc2 Rfb8 32. h5 g5 33. Qd2 Bf8 34. Re1 Bh6 35. Re2 Qe8 36. e5 fxe5 37. Bf5 Ra7 38. Qd3 Qe7 39. Qe4 Kh8 40. Rc4 Rba8 41. Qc2 Qf7 42. Qd3 Rb8 43. Be6 Qe8 44. Qc2 Ra6 45. Bf5 Qf7 46. Rxa4 Rxa4 47. Qxa4 Bf8 48. Rd2 Qg7 49. Qe4 Rb3 50. Re2 Qf7 51. Qc4 Rb6 52. b3 Kg7 53. Rc2 c6 54. dxc6 d5 55. Qa4 Bd6 56. h6+ Kxh6 57. Rc1 Kg7 58. Bd7 e4 59. Bf5 exf3+ 60. Kxf3 d4 61. Qc4 Rxb3+ 62. Kg2 Rg3+ 63. Kf2 Qe8 64. Qe6 Qxc6 65. Be4 Re3 66. Bxc6 Rxe6 67. a4 d3 68. a5 Bf4 69. Bd5 Re2+ 70. Kf3 Bxc1 0-1

[Event "4NCL Div 2 2024-25"]
[Site "England"]
[Date "2024.11.24"]
[Round "2.9"]
[White "Rees, Ioan"]
[Black "Gallana, Marco"]
[Result "1/2-1/2"]
[Annotator "RC"]
[ECO "A48"]
[WhiteElo "2251"]
[BlackElo "2216"]
[PlyCount "121"]
[EventDate "2024.11.23"]
[EventType "team-tourn"]
[EventCountry "ENG"]
[SourceTitle "playchess.com"]
[Source "ChessBase"]
[SourceQuality "1"]
[TimeControl "40/6000+30:3000+30"]

1. d4 Nf6 2. Bf4 g6 3. Nf3 Bg7 4. e3 d6 5. h3 O-O 6. Be2 Nc6 7. O-O e5 8. Bh2 exd4 9. exd4 Re8 10. c3 b6 11. a4 Bb7 12. Na3 a6 13. Bc4 h6 14. Nc2 Qd7 15. Ne3 Ne7 16. Qb3 Rf8 17. Nd2 Nf5 18. Rae1 Nxe3 19. fxe3 Ne4 20. Nxe4 Bxe4 21. Bd5 Rae8 22. Bxe4 Rxe4 23. Rf3 Qe6 24. Qxe6 Rxe6 25. Kf2 Rfe8 26. g4 Bf6 27. Ke2 Bh4 28. Bg3 Bxg3 29. Rxg3 d5 30. Kd3 c5 31. Rc1 c4+ 32. Kd2 Rb8 33. Ra1 b5 34. axb5 Rxb5 35. Kc1 Rf6 36. Ra2 Rf1+ 37. Kc2 Rf2+ 38. Kb1 a5 39. g5 h5 40. h4 Rh2 41. b4 Rxa2 42. Kxa2 axb4 43. cxb4 Rxb4 44. Rg1 Rb3 45. Re1 Rd3 46. Kb2 Rd2+ 47. Kc3 Rh2 48. e4 Rh3+ 49. Kb4 Rxh4 50. exd5 Rxd4 51. Kc5 Rd2 52. Kxc4 f6 53. Re6 fxg5 54. Rxg6+ Kf7 55. Rxg5 Ke7 56. Rxh5 Kd6 57. Rh6+ Kd7 58. Rh1 Kd6 59. Rh6+ Kd7 60. Rh7+ Kd6 61. Rh6+ 1/2-1/2

[Event "4NCL Div 2 2024-25"]
[Site "England"]
[Date "2024.11.24"]
[Round "2.10"]
[White "Pein, Jonathan"]
[Black "Jones, Steven A"]
[Result "0-1"]
[Annotator "RC"]
[ECO "A45"]
[WhiteElo "2249"]
[BlackElo "2175"]
[PlyCount "128"]
[EventDate "2024.11.23"]
[EventType "team-tourn"]
[EventCountry "ENG"]
[SourceTitle "playchess.com"]
[Source "ChessBase"]
[SourceQuality "1"]
[TimeControl "40/6000+30:3000+30"]

1. d4 Nf6 2. Bf4 g6 3. Nc3 d5 4. e3 Bg7 5. h4 c6 6. Bd3 h5 7. Nf3 Bg4 8. Qd2 Bxf3 9. gxf3 Nbd7 10. O-O-O Qa5 11. Kb1 e6 12. e4 dxe4 13. fxe4 e5 14. dxe5 Nxe5 15. Bxe5 Qxe5 16. f4 Qe7 17. e5 Ng4 18. Bc4 O-O 19. Rde1 b5 20. Bd3 Rad8 21. Qe2 Rd4 22. Qf3 Rfd8 23. Ne4 c5 24. Be2 b4 25. Rd1 Rxe4 26. Qxe4 Nf2 27. Qf3 Rxd1+ 28. Bxd1 Nxh1 29. Qxh1 Bh6 30. f5 Qxe5 31. fxg6 fxg6 32. c4 Bg7 33. Qd5+ Qxd5 34. cxd5 Bf6 35. d6 Bxh4 36. Kc2 Bg3 37. d7 Bc7 38. Kd3 Kf7 39. Kc4 Bb6 40. Kd5 Ke7 41. b3 Kxd7 42. Bc2 g5 43. Bg6 h4 44. Bf5+ Ke7 45. Ke5 Bc7+ 46. Kd5 Kf6 47. Ke4 Be5 48. Bg4 Bd4 49. Bf5 Bg1 50. Bh3 a5 51. Bd7 Ke7 52. Bh3 Kd6 53. Bg4 Bf2 54. Kf3 Bd4 55. Ke4 Bg1 56. Bh3 a4 57. bxa4 c4 58. a5 b3 59. axb3 cxb3 60. Kd3 Ke5 61. Kc3 Kf4 62. Kxb3 g4 63. Bf1 Ba7 64. Kc3 Ke3 0-1

[Event "4NCL Div 2 2024-25"]
[Site "England"]
[Date "2024.11.24"]
[Round "2.11"]
[White "Southcott-Moyers, Indy"]
[Black "Horton, Jamie A"]
[Result "1/2-1/2"]
[Annotator "RC"]
[ECO "D30"]
[WhiteElo "2174"]
[BlackElo "2163"]
[PlyCount "83"]
[EventDate "2024.11.23"]
[EventType "team-tourn"]
[EventCountry "ENG"]
[SourceTitle "playchess.com"]
[Source "ChessBase"]
[SourceQuality "1"]
[TimeControl "40/6000+30:3000+30"]

1. d4 d5 2. c4 e6 3. Nf3 a6 4. Bg5 Be7 5. Bxe7 Qxe7 6. Nbd2 Nf6 7. g3 c5 8. dxc5 Qxc5 9. Rc1 Nc6 10. Bg2 O-O 11. O-O Qe7 12. cxd5 exd5 13. Nb3 Re8 14. Nbd4 Nxd4 15. Nxd4 Bg4 16. Qd2 Rac8 17. h3 Bd7 18. Rxc8 Rxc8 19. Rc1 Rxc1+ 20. Qxc1 Qd6 21. Qc3 h5 22. h4 Kf8 23. Bf3 Kg8 24. a3 b6 25. Kf1 Kf8 26. Ke1 Kg8 27. Qb4 Qxb4+ 28. axb4 Kf8 29. Kd2 Ke7 30. Ke3 Kd6 31. Kd2 g6 32. e3 Bc8 33. Bg2 Bd7 34. f3 Bc8 35. Bf1 Ne8 36. Be2 Nf6 37. Kc3 Ke5 38. f4+ Kd6 39. Bf3 Bg4 40. Bg2 Bc8 41. Bf3 Bg4 42. Bg2 1/2-1/2

[Event "4NCL Div 2 2024-25"]
[Site "England"]
[Date "2024.11.24"]
[Round "2.12"]
[White "Maciol, Ryszard"]
[Black "Blackburn, Jonathan L B"]
[Result "0-1"]
[Annotator "RC"]
[ECO "A00"]
[WhiteElo "2125"]
[BlackElo "2197"]
[PlyCount "96"]
[EventDate "2024.11.23"]
[EventType "team-tourn"]
[EventCountry "ENG"]
[SourceTitle "playchess.com"]
[Source "ChessBase"]
[SourceQuality "1"]
[TimeControl "40/6000+30:3000+30"]

1. b4 e6 2. Bb2 Nf6 3. a3 d5 4. e3 c5 5. bxc5 Bxc5 6. Nf3 Nc6 7. Be2 a6 8. d4 Bd6 9. Nbd2 b5 10. a4 Rb8 11. axb5 axb5 12. Nb3 Ne4 13. Nfd2 f5 14. g3 O-O 15. f3 Nf6 16. O-O Qb6 17. f4 Bd7 18. Nf3 Ne4 19. Bd3 Rfc8 20. Ne5 Be8 21. g4 Ne7 22. Qe2 Ra8 23. Kh1 Ra4 24. Qg2 Bxe5 25. fxe5 fxg4 26. Bxe4 dxe4 27. Nc5 Rxc5 28. dxc5 Qxc5 29. Rad1 Nf5 30. Qxg4 Qe7 31. Bc1 Rc4 32. Rf2 h5 33. Qh3 Rc3 34. Bd2 Rxc2 35. Bb4 Qc7 36. Rxf5 exf5 37. Qxf5 Qf7 38. Rf1 Qxf5 39. Rxf5 Bf7 40. Rg5 Rc4 41. Be7 b4 42. Bf6 Rc1+ 43. Kg2 g6 44. e6 Bxe6 45. Rxg6+ Kf7 46. Rh6 b3 47. Kg3 Rg1+ 48. Kf2 Rd1 0-1

[Event "4NCL Div 2 2024-25"]
[Site "England"]
[Date "2024.11.24"]
[Round "2.13"]
[White "Hng, Mei-Xian Eunice"]
[Black "Quinn, John M"]
[Result "1-0"]
[Annotator "RC"]
[ECO "B22"]
[WhiteElo "2082"]
[BlackElo "2102"]
[PlyCount "69"]
[EventDate "2024.11.23"]
[EventType "team-tourn"]
[EventCountry "ENG"]
[SourceTitle "playchess.com"]
[Source "ChessBase"]
[SourceQuality "1"]
[TimeControl "40/6000+30:3000+30"]

1. e4 c5 2. d4 cxd4 3. c3 Nf6 4. e5 Nd5 5. Qxd4 e6 6. Bd3 Nc6 7. Qe4 f5 8. exf6 Nxf6 9. Qh4 d5 10. Nf3 Bd6 11. Bg6+ Ke7 12. Bc2 e5 13. O-O h6 14. Bg6 Be6 15. Re1 Qd7 16. c4 d4 17. c5 Bc7 18. Nbd2 Kf8 19. Ne4 Nxe4 20. Bxe4 Bd5 21. Bd2 Re8 22. b4 a6 23. a3 Bd8 24. Qh5 Bxe4 25. Rxe4 Qf7 26. Qh3 Bf6 27. Rae1 Rd8 28. a4 Re8 29. b5 axb5 30. axb5 Nd8 31. Nxe5 Bxe5 32. Rxe5 Rxe5 33. Rxe5 Qa2 34. Qf5+ Qf7 35. Qc8 1-0

[Event "4NCL Div 2 2024-25"]
[Site "England"]
[Date "2024.11.24"]
[Round "2.14"]
[White "Lea, Daniel J"]
[Black "Freeland, Alex"]
[Result "0-1"]
[Annotator "NA RC"]
[ECO "E06"]
[WhiteElo "2006"]
[BlackElo "2031"]
[PlyCount "72"]
[EventDate "2024.11.23"]
[EventType "team-tourn"]
[EventCountry "ENG"]
[SourceTitle "playchess.com"]
[Source "ChessBase"]
[SourceQuality "1"]
[TimeControl "40/6000+30:3000+30"]

1. d4 Nf6 2. c4 e6 3. Nf3 b6 4. g3 c6 5. Bg2 d5 6. O-O Bb7 7. cxd5 cxd5 8. Nc3 Be7 9. Bf4 O-O 10. Rc1 Nc6 11. Ne5 Rc8 12. Nxc6 Bxc6 13. Qd3 Qd7 14. Rc2 Ne8 15. Rfc1 Nd6 16. Bxd6 Qxd6 17. Nb5 Bxb5 18. Qxb5 Rxc2 19. Rxc2 Rd8 20. Qa6 Qd7 21. e3 g6 22. Bf1 Bd6 23. Bb5 Qe7 24. Rc8 Rxc8 25. Qxc8+ Kg7 26. Qa8 Qc7 27. Bc6 h5 28. Kf1 h4 29. Kg2 Qe7 30. Qb7 Qf6 31. gxh4 Qxh4 32. h3 Qg5+ 33. Kf1 Qf5 34. Be8 Kf8 35. Qd7 Be7 36. Kg2 Bh4 0-1

[Event "4NCL Div 2 2024-25"]
[Site "England"]
[Date "2024.11.24"]
[Round "2.15"]
[White "Turner, Lewis A"]
[Black "Franco, Gaston"]
[Result "1-0"]
[Annotator "NA RC"]
[ECO "B34"]
[WhiteElo "1984"]
[BlackElo "2070"]
[PlyCount "61"]
[EventDate "2024.11.23"]
[EventType "team-tourn"]
[EventCountry "ENG"]
[SourceTitle "playchess.com"]
[Source "ChessBase"]
[SourceQuality "1"]
[TimeControl "40/6000+30:3000+30"]

1. e4 c5 2. Nf3 Nc6 3. d4 cxd4 4. Nxd4 g6 5. Nc3 Bg7 6. Nb3 Nf6 7. Be3 O-O 8. Qd2 a5 9. a4 d5 10. exd5 Nb4 11. O-O-O Bf5 12. Nd4 Nfxd5 13. Nxf5 Nxc3 14. bxc3 Na2+ 15. Kb2 Nxc3 16. Nh6+ Bxh6 17. Qxd8 Raxd8 18. Rxd8 Rxd8 19. Kxc3 Bg7+ 20. Kb3 Rd1 21. c3 Rb1+ 22. Ka2 Rd1 23. Kb2 Be5 24. g3 Kg7 25. Bg2 Rd3 26. Rc1 Rd7 27. Bf3 h5 28. Rd1 Rc7 29. Bd4 Bxd4 30. Rxd4 e6 31. Be2 1-0

[Event "4NCL Div 2 2024-25"]
[Site "England"]
[Date "2024.11.24"]
[Round "2.16"]
[White "Serbanescu, Diana-Maria"]
[Black "Taylor, William J"]
[Result "1/2-1/2"]
[Annotator "NA RC"]
[ECO "C42"]
[WhiteElo "1992"]
[BlackElo "1994"]
[PlyCount "62"]
[EventDate "2024.11.23"]
[EventType "team-tourn"]
[EventCountry "ENG"]
[SourceTitle "playchess.com"]
[Source "ChessBase"]
[SourceQuality "1"]
[TimeControl "40/6000+30:3000+30"]

1. e4 e5 2. Nf3 Nf6 3. Nxe5 Nxe4 4. Nf3 d5 5. d3 Nf6 6. Bg5 h6 7. Bh4 Be7 8. Be2 O-O 9. O-O c5 10. Re1 Nc6 11. Nc3 d4 12. Bxf6 Bxf6 13. Ne4 Be7 14. Nfd2 Be6 15. a3 Qd7 16. f4 f5 17. Nf2 Bf6 18. Bf3 Rae8 19. Bh5 Rd8 20. Qf3 Kh7 21. Qg3 Bf7 22. Bxf7 Rxf7 23. Re2 Re7 24. Rae1 Rde8 25. Qf3 Re3 26. Rxe3 dxe3 27. Rxe3 Bxb2 28. Nc4 Bd4 29. Rxe8 Qxe8 30. Kf1 b5 31. Nd6 Qe3 1/2-1/2

[Event "4NCL Div 2 2024-25"]
[Site "England"]
[Date "2024.11.24"]
[Round "2.17"]
[White "Arnott, Jonathan W"]
[Black "Richardson, John R"]
[Result "0-1"]
[Annotator "RC"]
[ECO "B12"]
[WhiteElo "2087"]
[BlackElo "2287"]
[PlyCount "90"]
[EventDate "2024.11.23"]
[EventType "team-tourn"]
[EventCountry "ENG"]
[SourceTitle "playchess.com"]
[Source "ChessBase"]
[SourceQuality "1"]
[TimeControl "40/6000+30:3000+30"]

1. e4 c6 2. d4 d5 3. e5 Bf5 4. Nd2 e6 5. Nb3 Nd7 6. Nf3 c5 7. dxc5 Bxc5 8. Nxc5 Qa5+ 9. c3 Qxc5 10. Qa4 Ne7 11. Bb5 Qc7 12. O-O a6 13. Nd4 Rc8 14. Bxd7+ Qxd7 15. Qxd7+ Kxd7 16. Be3 Rc4 17. a4 f6 18. f4 fxe5 19. fxe5 Bg6 20. Nb3 Rhc8 21. Na5 Re4 22. Bd4 Nf5 23. Rxf5 Bxf5 24. Nxb7 Re2 25. Nc5+ Rxc5 26. Bxc5 Rxb2 27. h3 Kc6 28. Bf2 a5 29. Ra3 Bc2 30. Bd4 Be4 31. Bf2 h5 32. h4 Kd7 33. Ra1 Ke8 34. Rf1 Ra2 35. Kh2 Rxa4 36. Bc5 Bf5 37. g3 Ra2+ 38. Rf2 Rxf2+ 39. Bxf2 Kd7 40. Kg2 Kc6 41. Kf3 a4 42. Bd4 Kb5 43. Ke3 Kc4 44. Kd2 a3 45. Kc1 g6 0-1

[Event "4NCL Div 2 2024-25"]
[Site "England"]
[Date "2024.11.24"]
[Round "2.18"]
[White "Babu, Rahul"]
[Black "Wall, Tim P"]
[Result "1/2-1/2"]
[Annotator "RC"]
[ECO "B13"]
[WhiteElo "2169"]
[BlackElo "2168"]
[PlyCount "74"]
[EventDate "2024.11.23"]
[EventType "team-tourn"]
[EventCountry "ENG"]
[SourceTitle "playchess.com"]
[Source "ChessBase"]
[SourceQuality "1"]
[TimeControl "40/6000+30:3000+30"]

1. e4 c6 2. d4 d5 3. exd5 cxd5 4. Bd3 Nf6 5. c3 Bg4 6. Qb3 Qc7 7. f3 Bh5 8. Nh3 Bg6 9. Bf4 Qd7 10. Nf2 Nc6 11. Nd2 e6 12. g4 Bd6 13. Bxd6 Qxd6 14. O-O-O O-O-O 15. h4 Qc7 16. Kb1 e5 17. Qa4 Nd7 18. Bxg6 hxg6 19. dxe5 Ndxe5 20. f4 Nd7 21. Nd3 Nb6 22. Qc2 Rde8 23. Nb3 Nc4 24. Rde1 Rxe1+ 25. Rxe1 Qd7 26. Nf2 Rxh4 27. f5 Rh2 28. fxg6 fxg6 29. Re2 N6e5 30. a3 b6 31. Nd2 Qf7 32. Nxc4 Nxc4 33. Ka2 Kb7 34. Nd3 Ne3 35. Qd2 Nc4 36. Qc2 Ne3 37. Qd2 Nc4 1/2-1/2

[Event "4NCL Div 2 2024-25"]
[Site "England"]
[Date "2024.11.24"]
[Round "2.19"]
[White "Chan, Sheng Liang Bernard"]
[Black "Roe, Simon J"]
[Result "0-1"]
[Annotator "RC"]
[ECO "D20"]
[WhiteElo "2101"]
[BlackElo "2145"]
[PlyCount "66"]
[EventDate "2024.11.23"]
[EventType "team-tourn"]
[EventCountry "ENG"]
[SourceTitle "playchess.com"]
[Source "ChessBase"]
[SourceQuality "1"]
[TimeControl "40/6000+30:3000+30"]

1. d4 d5 2. c4 dxc4 3. e4 Nc6 4. Be3 Nf6 5. e5 Bg4 6. Nf3 Nd5 7. Bxc4 e6 8. a3 Be7 9. Nc3 Nxe3 10. fxe3 Bh4+ 11. Kf1 O-O 12. Be2 Be7 13. Kf2 f6 14. exf6 Bxf6 15. Rf1 Bg5 16. Qd3 Bf5 17. e4 Bg4 18. Rad1 Qd7 19. Ke1 Bxf3 20. Rxf3 Rxf3 21. Bxf3 Rd8 22. Qb5 Qe7 23. Ne2 Be3 24. Qh5 Nxd4 25. Nxd4 Bxd4 26. Bg4 Qf6 27. Rd2 c5 28. e5 Qe7 29. Ke2 Rd5 30. Qh3 Rxe5+ 31. Kd1 Re3 32. g3 Qf6 33. Qg2 Qg6 0-1

[Event "4NCL Div 2 2024-25"]
[Site "England"]
[Date "2024.11.24"]
[Round "2.20"]
[White "Bradbury, Neil H"]
[Black "Gayson, Peter M"]
[Result "1/2-1/2"]
[Annotator "RC"]
[ECO "A80"]
[WhiteElo "2149"]
[BlackElo "2087"]
[PlyCount "58"]
[EventDate "2024.11.23"]
[EventType "team-tourn"]
[EventCountry "ENG"]
[SourceTitle "playchess.com"]
[Source "ChessBase"]
[SourceQuality "1"]
[TimeControl "40/6000+30:3000+30"]

1. d4 f5 2. Bg5 g6 3. e3 Bg7 4. c3 Nf6 5. Nd2 O-O 6. Bc4+ d5 7. Bxf6 Bxf6 8. Bb3 Nc6 9. f4 b6 10. Ngf3 Na5 11. O-O Ba6 12. Re1 Bd3 13. e4 Nxb3 14. Qxb3 fxe4 15. Nxe4 Bc4 16. Nxf6+ exf6 17. Qc2 Qd6 18. f5 g5 19. Re6 Qf4 20. Rae1 Bb5 21. Nd2 Bd7 22. Rf1 Qg4 23. h3 Qg3 24. Rf3 Qh4 25. Re7 Rf7 26. Ree3 Re8 27. Rxe8+ Bxe8 28. Nf1 Re7 29. Qf2 Qxf2+ 1/2-1/2

[Event "4NCL Div 2 2024-25"]
[Site "England"]
[Date "2024.11.24"]
[Round "2.21"]
[White "Dunn, Andrew M"]
[Black "Snape, Ian L"]
[Result "1/2-1/2"]
[Annotator "RC"]
[ECO "D13"]
[WhiteElo "2117"]
[BlackElo "2061"]
[PlyCount "49"]
[EventDate "2024.11.23"]
[EventType "team-tourn"]
[EventCountry "ENG"]
[SourceTitle "playchess.com"]
[Source "ChessBase"]
[SourceQuality "1"]
[TimeControl "40/6000+30:3000+30"]

1. d4 c5 2. c3 cxd4 3. cxd4 d5 4. Bf4 Nc6 5. e3 Nf6 6. Bd3 e6 7. Nc3 Bd6 8. Bxd6 Qxd6 9. Nf3 O-O 10. O-O e5 11. dxe5 Nxe5 12. Be2 Be6 13. Qd4 Nc6 14. Qh4 Rfd8 15. Rfd1 Qe7 16. Nb5 Rac8 17. Rac1 a6 18. Nbd4 Nxd4 19. Qxd4 Ne4 20. h3 h6 21. Bd3 Nf6 22. Qb6 Ne4 23. Qd4 Nf6 24. Qb6 Ne4 25. Qd4 1/2-1/2

[Event "4NCL Div 2 2024-25"]
[Site "England"]
[Date "2024.11.24"]
[Round "2.22"]
[White "Baltrunas, Evaldas"]
[Black "Wills, Tom"]
[Result "1/2-1/2"]
[Annotator "NA RC"]
[ECO "D43"]
[WhiteElo "1995"]
[BlackElo "1976"]
[PlyCount "53"]
[EventDate "2024.11.23"]
[EventType "team-tourn"]
[EventCountry "ENG"]
[SourceTitle "playchess.com"]
[Source "ChessBase"]
[SourceQuality "1"]
[TimeControl "40/6000+30:3000+30"]

1. d4 d5 2. c4 c6 3. Nf3 Nf6 4. Nc3 e6 5. Qd3 dxc4 6. Qxc4 b5 7. Qd3 a6 8. g3 Bb7 9. Bg2 c5 10. O-O Be7 11. Rd1 O-O 12. Ne5 Qb6 13. Bxb7 Qxb7 14. dxc5 Bxc5 15. Be3 Bxe3 16. Qxe3 Nc6 17. Qf3 Rac8 18. Rd2 Qc7 19. Nxc6 Qxc6 20. Qxc6 Rxc6 21. a3 g5 22. h3 Rfc8 23. Rad1 Rc5 24. Rd6 R5c6 25. Kg2 Kf8 26. Rxc6 Rxc6 27. Kf3 1/2-1/2